 Dungeon Crawl Stone Soup version 0.29.0-4-gdea44cf6ec (webtiles) character file.

Game seed: 80639420780318199

201 qw the Chopper (level 5, -15/30 HPs)
             Began as a Tengu Warper on Aug 28, 2022.
             Demolished by an ogre
             ... wielding a +0 giant club
              (26 damage)
             ... on level 5 of the Dungeon.
             The game lasted 00:00:22 (4149 turns).

qw the Chopper (Tengu Warper)                       Turns: 4149, Time: 00:00:22

Health: -15/30     AC:  9    Str: 13    XL:     5   Next: 79%
Magic:  9/9        EV:  5    Int: 12    God:
Gold:   200        SH:  9    Dex: 17    Spells: 8/8 levels left

rFire   . . .      SeeInvis .   Y - +1 war axe
rCold   + . .      Faith    .   d - +0 kite shield
rNeg    . . .      Spirit   .   j - +0 chain mail
rPois   .          Reflect  .   (helmet restricted)
rElec   .          Harm     .   (no cloak)
rCorr   +          Rampage  .   e - +0 pair of gloves
Will    +....                   (boots unavailable)
Stlth   ..........              (no amulet)
HPRegen 0.10/turn               h - ring of resist corrosion
MPRegen 0.11/turn               k - ring of willpower

@: flying quickly and evasively, quick
A: beak, talons 3, nimble flight, antennae 1, agile 1, cold resistance 1
a: no special abilities


You were on level 5 of the Dungeon.
You visited 1 branch of the dungeon, and saw 5 of its levels.

You collected 263 gold pieces.
You spent 63 gold pieces at shops.


Innate Abilities, Weirdness & Mutations

You have a beak for a mouth.
You have claws for feet.
Your magical nature lets you fly swiftly and evasively.
You have a pair of small antennae on your head.
You are agile. (Dex +4, Str/Int -1)
Your flesh is cold resistant. (rC+)


   Skills:
 - Level 2.0 Fighting
 - Level 5.0 Axes
 - Level 1.0 Throwing
 + Level 1.5 Armour
 - Level 2.1 Dodging
 - Level 3.1 Shields
 - Level 2.0 Spellcasting
 - Level 2.4 Translocations


You had 8 spell levels left.
You didn't know any spells.
Your spell library contained the following spells:

 Spells                   Type           Power      Damage    Failure   Level
 Blink                    Tloc           12%        N/A       100%        2
 Gell's Gravitas          Tloc           6%         N/A       100%        3
 Lesser Beckoning         Tloc           6%         N/A       100%        3
 Teleport Other           Tloc           6%         N/A       100%        3
 Manifold Assault         Tloc           6%         N/A       100%        5

Inventory:

Hand Weapons
 b - a +0 flail
 Y - a +1 war axe (weapon)
Armour
 d - a +0 kite shield (worn)
 e - a +0 pair of gloves (worn)
 j - a +0 chain mail (worn)
Jewellery
 h - a ring of resist corrosion (left hand)
 k - a ring of willpower (right hand)
Scrolls
 f - 2 scrolls of identify
 g - a scroll of teleportation
Potions
 a - a potion of flight {unknown}
 c - a potion of mutation
 i - a potion of resistance
 l - 2 potions of heal wounds

Dungeon Overview and Level Annotations

Branches:
Dungeon (5/15)
 Temple: D:4-7

Altars:
Fedhas
Hepliaklqana
Vehumet
Yredelemnul

Shops:
D:2 [   D:3 [   D:4 (


Message History

You slash the orc!
You kill the orc!
An orc comes into view. It is wielding a +0 club.
The orc shouts!
You see here a +0 flail.
An orc comes into view. It is wielding a +0 whip.
You closely miss the orc. Your kick misses the orc. You peck the orc.
The orc is lightly wounded.
The orc barely misses you.
You hit the orc. You claw the orc, but do no damage.
The orc is severely wounded.
The orc closely misses you.
You hit the orc.
You kill the orc!
You hit the orc. The orc hits you with a +0 whip. You block the orc's attack.
You hit the orc but do no damage. Your kick misses the orc.
The orc is heavily wounded.
The orc hits you but does no damage.
You hit the orc. You claw the orc, but do no damage.
The orc is severely wounded.
The orc hits you but does no damage. You block the orc's attack.
You slash the orc!
You kill the orc!
You now have 188 gold pieces (gained 11).
Things that are here:
a +0 club; a +0 leather armour; an orc corpse
Found a potion of degeneration.
You now have 200 gold pieces (gained 12).
An ogre comes into view. It is wielding a +0 giant club.
Enter note: You barely miss the ogre.
You claw the ogre. Your peck misses the ogre.
The ogre is lightly wounded.
The ogre hits you with a +0 giant club!!
Ouch! That really hurt!
You barely miss the ogre. Your peck misses the ogre.
The ogre is lightly wounded.
The ogre hits you with a +0 giant club!!
Ouch! That really hurt!
You die...

.......#.....######
.......#............
.......#............
.......#..........##
.......+...........#
..."...#...........# ..##
......O##.......... ####...#
#....!.@.......#+# .......#
#................# ..#....#
#..............#.#
..+....###..................
..#......#................##
..#.......................+
...<......................#
............##......#.......
...............<......######


You could see an ogre.

Vanquished Creatures
  A jelly (D:4)
  Jessica (D:3)
  Terence (D:3)
  Robin (D:3)
  A gnoll (D:1)
  2 adders (D:4)
  An ufetubus (D:5)
  2 worms (D:4)
  3 dart slugs (D:3)
  8 orcs
  3 endoplasms
  2 giant cockroaches
  7 goblins
  8 hobgoblins
  2 quokkas (D:1)
  7 ball pythons
  3 bats
  A frilled lizard (D:1)
  4 kobolds
  4 rats
62 creatures vanquished.

Vanquished Creatures (others)
  A plant (D:4)
1 creature vanquished.

Grand Total: 63 creatures vanquished

Notes
Turn   | Place    | Note
-------+----------+-------------------------------------------
     0 | D:1      | qw the Tengu Warper began the quest for the Orb.
     0 | D:1      | Reached XP level 1. HP: 12/12 MP: 4/4
     0 | D:1      | 0 ||| qw: Version: 0.1-a-89-g26bdef1
     0 | D:1      | 0 ||| qw: Game counter: 124
     0 | D:1      | 0 ||| qw: Always use a shield: true
     0 | D:1      | 0 ||| qw: God list: Okawaru
     0 | D:1      | 0 ||| qw: Allow faded altars: false
     0 | D:1      | 0 ||| qw: Do Orc after D:15 true
     0 | D:1      | 0 ||| qw: Do second Lair branch before Depths: true
     0 | D:1      | 0 ||| qw: Lair rune preference: random
     0 | D:1      | 0 ||| qw: Plans: Normal
     0 | D:1      | 0 ||| PLANNING D:1-11
   108 | D:1      | Reached skill level 3 in Axes
   108 | D:1      | Reached XP level 2. HP: 9/17 MP: 6/6
   529 | D:1      | 529 ||| SWAPPING to +0 war axe.
   530 | D:1      | 530 ||| DROPPING +0 hand axe.
   855 | D:1      | 855 ||| UPGRADING to +0 kite shield.
   860 | D:1      | 860 ||| UPGRADING to +0 ring mail.
   870 | D:1      | 870 ||| DROPPING +0 leather armour.
   871 | D:1      | 871 ||| READING scroll labelled ZOFU ZENKAUGH.
   872 | D:1      | 872 ||| DROPPING scroll of blinking.
  1004 | D:2      | Reached XP level 3. HP: 21/21 MP: 7/7
  1051 | D:2      | 1051 ||| Stepping ~*~*~tactically~*~*~ (stealth).
  1084 | D:2      | Found Loibreel's Armour Shoppe.
  1104 | D:2      | 1104 ||| BUYING +0 chain mail (63 gold).
  1104 | D:2      | Bought a +0 chain mail for 63 gold pieces
  1104 | D:2      | 1104 ||| SHOPLISTING +2 hat (224 gold, have 79).
  1113 | D:2      | Reached skill level 1 in Shields
  1214 | D:2      | Identified the ring "Hoc Jezu" {rCorr Str+3 Dex+4 Slay-6}
  1340 | D:2      | 1340 ||| UPGRADING to +0 chain mail.
  1350 | D:2      | 1350 ||| DROPPING +0 ring mail.
  1351 | D:2      | 1351 ||| UPGRADING to ring of resist corrosion.
  1352 | D:2      | 1352 ||| UPGRADING to ring of willpower.
  1353 | D:2      | 1353 ||| DROPPING ring "Hoc Jezu" {rCorr Str+3 Dex+4
                  | Slay-6}.
  1354 | D:2      | 1354 ||| READING 2 scrolls labelled SIASIKHLELIU.
  1357 | D:2      | 1357 ||| READING scroll labelled MILEFU AMAUG.
  1358 | D:2      | 1358 ||| READING scroll labelled YSEIHY TUHIXU.
  1359 | D:2      | 1359 ||| DRINKING 2 green potions.
  1360 | D:2      | 1360 ||| DRINKING 2 sedimented grey potions.
  1360 | D:2      | Gained mutation: You have a pair of small antennae on your
                  | head. [potion of mutation]
  1360 | D:2      | Gained mutation: You are agile. (Dex +4, Str/Int -1)
                  | [potion of mutation]
  1360 | D:2      | Gained mutation: Your flesh is cold resistant. (rC+)
                  | [potion of mutation]
  1406 | D:3      | Found a basalt altar of Yredelemnul.
  1406 | D:3      | Found a radiant altar of Vehumet.
  1413 | D:3      | Noticed Terence
  1427 | D:3      | Killed Terence
  1539 | D:3      | Reached XP level 4. HP: 26/26 MP: 8/8
  1573 | D:3      | 1573 ||| Stepping ~*~*~tactically~*~*~ (stealth).
  1586 | D:3      | 1586 ||| Stepping ~*~*~tactically~*~*~ (hiding).
  1828 | D:3      | HP: 4/26 [orc/+0 war axe (9)]
  1829 | D:3      | 1829 ||| READING 2 scrolls of teleportation.
  1830 | D:3      | 1830 ||| DRINKING potion of heal wounds.
  1937 | D:3      | Noticed Robin
  1939 | D:3      | Reached skill level 4 in Axes
  1954 | D:3      | HP: 6/26 [Robin/+0 spear (2)]
  1955 | D:3      | 1955 ||| READING scroll of teleportation.
  1956 | D:3      | Killed Robin
  2207 | D:3      | 2207 ||| Stepping ~*~*~tactically~*~*~ (stealth).
  2211 | D:3      | 2211 ||| Stepping ~*~*~tactically~*~*~ (stealth).
  2212 | D:3      | 2212 ||| Stepping ~*~*~tactically~*~*~ (stealth).
  2268 | D:3      | Noticed Jessica
  2269 | D:3      | 2269 ||| FLEEEEING.
  2270 | D:3      | 2270 ||| Stepping ~*~*~tactically~*~*~ (hiding).
  2275 | D:3      | Killed Jessica
  2276 | D:3      | Reached skill level 3 in Shields
  2276 | D:3      | Gained mutation: Your magical nature lets you fly swiftly
                  | and evasively. [Tengu growth]
  2276 | D:3      | Reached XP level 5. HP: 28/30 MP: 9/9
  2305 | D:3      | Found Netahab's Armour Boutique.
  2310 | D:3      | 2310 ||| SHOPLISTING +0 plate armour (299 gold, have 101).
  2310 | D:3      | 2310 ||| SHOPLISTING +2 ring mail of poison resistance (234
                  | gold, have 101).
  2310 | D:3      | 2310 ||| SHOPLISTING +5 ring mail of Greed {rF++ rC-
                  | Will+++ Str-3} (886 gold, have 101).
  2326 | D:3      | Found a faded altar of an unknown god.
  2384 | D:3      | 2384 ||| DROPPING +0 whip.
  2645 | D:3      | 2645 ||| UPGRADING to +0 pair of gloves.
  2650 | D:3      | 2650 ||| READING scroll labelled ZAECKOH SYKK.
  2651 | D:3      | 2651 ||| READING 5 scrolls labelled ISHONN AMAE.
  2652 | D:3      | 2652 ||| READING scroll labelled HAJYWK NOGUHAM.
  2785 | D:4      | 2785 ||| Stepping ~*~*~tactically~*~*~ (stealth).
  2787 | D:4      | 2787 ||| Stepping ~*~*~tactically~*~*~ (stealth).
  2789 | D:4      | 2789 ||| Stepping ~*~*~tactically~*~*~ (stealth).
  2790 | D:4      | 2790 ||| Stepping ~*~*~tactically~*~*~ (stealth).
  2791 | D:4      | 2791 ||| Stepping ~*~*~tactically~*~*~ (stealth).
  2792 | D:4      | 2792 ||| Stepping ~*~*~tactically~*~*~ (stealth).
  2793 | D:4      | 2793 ||| Stepping ~*~*~tactically~*~*~ (stealth).
  3221 | D:4      | Found Cytotam's Antique Weapon Shoppe.
  3438 | D:4      | Reached skill level 5 in Axes
  3937 | D:4      | 3937 ||| READING scroll labelled FAOLESTAGHO.
  3938 | D:4      | 3938 ||| READING 4 scrolls of identify.
  3938 | D:4      | 3938 ||| IDENTIFYING smoky blue potion
  3939 | D:4      | 3939 ||| READING 3 scrolls of identify.
  3939 | D:4      | 3939 ||| IDENTIFYING murky sapphire potion
  3940 | D:4      | 3940 ||| DROPPING potion of degeneration.
  3960 | D:5      | Entered Level 5 of the Dungeon
  3971 | D:5      | Found a blossoming altar of Fedhas.
  3974 | D:5      | Found a hazy altar of Hepliaklqana.
  4142 | D:5      | Noticed an ogre
  4149 | D:5      | Demolished by an ogre

Levels and vault maps discovered:
D:1:      amcnicky_arrival_underground_garden, layout_loops_ring
D:2:      layout_rooms, serial_shops, shop, minmay_misc_feat_rugged
D:3:      layout_loops_ring, nicolae_overflow_squiral,
          shapermc_ecumenical_altar_pompeii, serial_shops,
          nicolae_shop_behind_doors, small_statue_intersection, uniq_terence,
          uniq_robin, uniq_jessica
D:4:      layout_layer_cave, serial_shops, nicolae_shop_crystal, hex_medium,
          small_statue_intersection, chequers_big_river
D:5:      layout_basic, minitemple, uniq_edmund, uniq_pikel

Skill      XL: |  1  2  3  4  5 |
---------------+----------------+-----
Axes           | 3 4 5 |  5.0
Shields        | 2 3 |  3.1
Fighting       | |  2.0
Throwing       | |  1.0
Armour         | |  1.5
Dodging        | |  2.1
Spellcasting   | |  2.0
Translocations | |  2.4

Action                   |  1- 3 |  4- 6 || total
-------------------------+-------+-------++-------
Melee: Hand axe          |    16 |       ||    16
       War axe           |    30 |    87 ||   117
       Kick              |    10 |    23 ||    33
       Peck              |     8 |    13 ||    21
Throw: Boomerang         |     7 |       ||     7
  Use: Scroll            |     4 |     8 ||    12
       Potion            |     2 |     1 ||     3
Armor: Leather armour    |     5 |       ||     5
       Ring mail         |     5 |       ||     5
       Chain mail        |     1 |    36 ||    37
Dodge: Dodged            |    21 |    15 ||    36
Block: Kite shield       |     7 |    44 ||    51

Table legend:
 A = Non-vault XP
 B = Vault XP
 C = Vault XP percentage of total XP
 D = Non-vault monster count
 E = Vault monster count
 F = Vault count percentage of total count
                 A         B        C        D         E       F
            +---------+---------+-------+---------+---------+-------
      Total |     186 |     102 |  35.4 |      51 |      11 |  17.7
            +---------+---------+-------+---------+---------+-------
        D:1 |      29 |       0 |   0.0 |      12 |       0 |   0.0
        D:2 |      13 |       0 |   0.0 |       8 |       0 |   0.0
        D:3 |      30 |     102 |  77.3 |      11 |      11 |  50.0
        D:4 |      97 |       0 |   0.0 |      16 |       0 |   0.0
        D:5 |      17 |       0 |   0.0 |       4 |       0 |   0.0
            +---------+---------+-------+---------+---------+-------
